Map: Deathaura LE

Players

HeroMarine

  • Race: Terran Terran
  • League: Master
  • Spawn Location: 11:00

Reynor - Winner!

  • Race: Zerg Zerg
  • League: Master
  • Spawn Location: 5:00

Event: TSL 6

VOD

Have the link to the VOD?

Description

Time

  • Played on: Dec. 12, 2020, 4:32 p.m.
  • Length: 16:14

All games in this series

Show
View Real Time Build Order
Export as new Build Order

HeroMarine Terran 

Build Orders:  

Get SALT Encoding   

  12  0:00  SCV  
  13  0:12  SCV  
  14  0:17  Supply Depot  
  14  0:24  SCV  
  15  0:39  SCV  
  15  0:41  Barracks  
  16  0:43  Refinery  
  16  0:51  SCV  
  17  1:03  SCV  
  18  1:15  SCV  
  19  1:28  Orbital Command, Marine  
  20  1:40  Command Center  
  20  1:50  Factory  
  20  1:54  SCV  
  21  2:02  Barracks Reactor  
  21  2:06  SCV  
  22  2:09  Supply Depot  
  22  2:14  Refinery  
  22  2:18  SCV  
  23  2:31  SCV  
  24  2:41  Starport, Hellion  
  24  2:42  Hellion  
  24  2:43  SCV  
  29  2:51  Orbital Command  
  29  2:55  SCV  
  30  3:03  Hellion  
  32  3:06  Hellion  
  32  3:10  SCV  
  35  3:18  SCV  
  36  3:22  SCV  
  36  3:24  Supply Depot  
  37  3:27  Starport Tech Lab  
  37  3:30  Fusion Core  
  37  3:35  SCV x2  
  37  3:38  Factory Tech Lab  
  37  3:41  Marine x2  
  40  3:47  Supply Depot, SCV x2  
  43  3:53  Factory Reactor  
  43  3:59  SCV x2  
  45  4:06  Marine x2  
  47  4:11  SCV x2  
  49  4:18  Battlecruiser  
  49  4:22  Supply Depot  
  49  4:23  SCV x2, Marine x2  
  59  4:34  Command Center  
  59  4:36  Hellion  
  61  4:43  Hellion, SCV x2  
  61  4:44  Supply Depot  
  65  4:46  Marine x2  
  67  4:55  SCV, Armory  
  67  4:56  SCV  
  69  5:03  Supply Depot, Marine  
  69  5:05  Marine  
  69  5:06  Hellion x2  
  75  5:09  SCV  
  75  5:10  SCV  
  75  5:14  Refinery x2  
  77  5:22  Marine  
  77  5:24  Marine  
  79  5:30  Hellion x2  
  83  5:35  Supply Depot  
  83  5:36  SCV  
  83  5:38  SCV  
  85  5:44  Marine  
  85  5:45  Marine  
  85  5:46  Battlecruiser  
  88  5:50  Hellion x6, SCV x2  
  88  5:56  SCV  
  83  6:02  SCV  
  84  6:05  SCV  
  84  6:08  SCV  
  85  6:14  SCV  
  85  6:17  SCV  
  87  6:21  Orbital Command  
  87  6:24  Weapon Refit  
  87  6:27  SCV  
  87  6:29  SCV  
  89  6:35  Factory  
  89  6:39  SCV  
  90  6:40  Factory  
  90  6:41  SCV  
  90  6:44  Orbital Command  
  93  6:47  Hellion x2  
  93  6:51  SCV  
  93  6:54  SCV  
  97  7:03  SCV  
  97  7:05  Supply Depot  
  97  7:06  Supply Depot, SCV  
  97  7:08  Battlecruiser  
  105  7:10  SCV  
  106  7:16  SCV  
  106  7:18  SCV  
  106  7:22  SCV  
  109  7:25  Factory Tech Lab  
  109  7:28  SCV  
  110  7:30  SCV, Refinery  
  110  7:31  Factory Tech Lab, Refinery  
  110  7:32  Supply Depot  
  110  7:34  SCV  
  112  7:39  Supply Depot  
  112  7:40  SCV  
  112  7:42  Terran Vehicle Weapons Level 1, SCV  
  112  7:43  Factory  
  114  7:44  Factory  
  114  7:46  SCV  
  115  7:52  Infernal Pre-Igniter, SCV  
  115  7:54  SCV  
  115  7:58  Hellion x2, SCV  
  125  8:03  Widow Mine x2  
  125  8:04  Engineering Bay, SCV  
  127  8:06  SCV  
  127  8:07  Supply Depot  
  127  8:09  Supply Depot x2  
  127  8:10  SCV  
  129  8:17  Battlecruiser  
  135  8:26  Cyclone x2  
  141  8:29  Drilling Claws  
  141  8:32  Hellion x2  
  145  8:35  Hellion  
  145  8:38  Missile Turret  
  147  8:44  Factory Tech Lab  
  147  8:46  Missile Turret  
  147  8:47  Missile Turret  
  147  8:50  Missile Turret  
  147  8:53  Hellion  
  147  8:54  Missile Turret, Hellion  
  151  9:01  Cyclone  
  151  9:02  Cyclone, Widow Mine  
  161  9:03  Widow Mine  
  161  9:08  Cyclone  
  164  9:21  Command Center  
  164  9:24  Hellion  
  156  9:32  Widow Mine x2  
  156  9:34  Cyclone  
  156  9:37  Siege Tank  
  164  9:42  SCV  
  164  9:43  SCV  
  164  9:44  SCV  
  164  9:45  Cyclone  
  155  9:48  Mag-Field Accelerator  
  155  9:51  Widow Mine x2  
  153  9:54  SCV  
  153  9:57  Battlecruiser  
  158  10:02  Hellion  
  158  10:06  Cyclone  
  163  10:15  Hellion  
  163  10:17  Supply Depot, Terran Vehicle And Ship Armor Level 1  
  163  10:18  Supply Depot x2  
  165  10:25  Supply Depot, Sensor Tower  
  165  10:28  Hellion  
  165  10:30  Cyclone  
  165  10:32  Thor  
  170  10:36  SCV x2  
  170  10:37  SCV  
  173  10:43  Missile Turret  
  173  10:48  Cyclone, SCV x2  
  173  10:49  SCV  
  177  10:53  Missile Turret  
  177  11:00  SCV x2  
  177  11:01  SCV  
  177  11:02  Cyclone  
  179  11:08  Planetary Fortress  
  179  11:09  Hellion x3, Refinery x2  
  185  11:11  Hellion  
  185  11:12  SCV  
  185  11:15  Hellion  
  185  11:17  Orbital Command  
  190  11:20  Hellion  
  190  11:30  Hellion  
  186  11:34  Cyclone  
  186  11:37  Cyclone  
  183  11:41  Cyclone  
  183  11:44  Hellion x2  
  190  11:54  Hellion  
  190  11:55  Hellion  
  190  11:57  SCV x2  
  190  11:58  SCV x2  
  198  12:05  Hellion  
  200  12:09  Factory  
  200  12:10  Factory  
  200  12:18  Cyclone  
  200  12:19  Cyclone  
  200  12:21  Cyclone  
  178  12:23  Hellion x2  
  178  12:25  Battlecruiser  
  178  12:26  Terran Vehicle Weapons Level 2, Hellion  
  178  12:27  Hellion  
  173  12:44  Hellion x2  
  173  12:48  Hellion x2  
  173  12:50  Cyclone  
  178  12:51  Cyclone  
  178  12:53  Cyclone  
  178  13:02  SCV x2  
  178  13:03  SCV x2  
  154  13:06  Hellion x2  
  154  13:10  Factory Tech Lab x2  
  158  13:17  Widow Mine x2  
  159  13:22  Cyclone  
  159  13:23  Cyclone  
  159  13:26  Cyclone  
  168  13:28  Thor  
  168  13:31  Thor  
  168  13:32  Factory  
  180  13:36  Command Center  
  180  13:37  Hellion x2  
  180  13:39  Hellion  
  186  13:54  Thor  
  192  13:56  Cyclone  
  192  13:58  Cyclone  
  192  13:59  Hellion  
  193  14:11  Cyclone  
  193  14:14  Cyclone  
  193  14:16  SCV x4  
  190  14:21  Widow Mine x2  
  178  14:25  Hellion x2  
  178  14:28  Cyclone, SCV x2  
  178  14:30  Cyclone  
  179  14:32  SCV  
  179  14:37  Cyclone  
  164  14:43  Missile Turret  
  164  14:44  Cyclone  
  167  14:46  Cyclone  
  167  14:50  Widow Mine  
  172  14:53  Factory Tech Lab  
  172  14:58  Orbital Command  
  163  15:00  Cyclone  
  163  15:02  Cyclone  
  157  15:09  Cyclone, Widow Mine  
  157  15:10  Widow Mine  
  157  15:11  Widow Mine  
  166  15:15  Missile Turret  
  166  15:16  Cyclone  
  166  15:19  Cyclone  
  172  15:28  Hellion  
  149  15:32  Orbital Command, Cyclone  
  149  15:34  Cyclone, Hellion  
  149  15:35  Hellion  
  132  15:41  Cyclone  
Show
View Real Time Build Order
Export as new Build Order

Reynor Zerg - Winner!

Build Orders: Hatch First, Muta Ling Bane 

Get SALT Encoding   

  12  0:00  Drone  
  13  0:12  Overlord  
  13  0:16  Drone  
  14  0:30  Drone x2  
  16  0:47  Hatchery  
  15  0:50  Drone  
  15  0:54  Drone  
  17  0:57  Drone  
  18  1:08  Extractor  
  17  1:12  Spawning Pool  
  17  1:15  Drone  
  17  1:19  Drone  
  18  1:27  Drone  
  19  1:38  Drone  
  20  1:48  Overlord  
  20  2:01  Zergling x4, Queen x2  
  26  2:10  Drone x2  
  28  2:20  Drone  
  28  2:21  Drone  
  30  2:27  Hatchery  
  29  2:31  Drone  
  29  2:32  Drone  
  31  2:37  Metabolic Boost  
  31  2:42  Drone  
  31  2:43  Drone  
  33  2:50  Queen  
  35  2:53  Overlord  
  35  2:55  Drone  
  36  3:08  Overlord  
  36  3:12  Drone x3  
  38  3:15  Zergling x4  
  38  3:17  Queen  
  41  3:21  Zergling x2  
  41  3:26  Baneling Nest, Drone  
  42  3:28  Queen  
  42  3:32  Drone  
  45  3:38  Drone  
  46  3:42  Drone  
  46  3:44  Zergling x2  
  46  3:46  Queen  
  51  3:48  Zergling x4  
  51  3:50  Overlord  
  51  3:51  Drone x2  
  51  3:55  Drone  
  55  3:57  Drone  
  55  3:59  Overlord  
  55  4:02  Drone x2  
  59  4:12  Drone x3  
  59  4:15  Queen  
  64  4:17  Lair  
  64  4:19  Drone x2  
  64  4:22  Drone  
  67  4:24  Spore Crawler  
  67  4:28  Zergling x2  
  67  4:32  Baneling Nest  
  67  4:33  Zergling x4  
  67  4:37  Overlord  
  68  4:39  Overlord  
  68  4:42  Spore Crawler  
  67  4:47  Overlord  
  67  4:53  Overlord  
  67  4:55  Extractor x2, Spine Crawler  
  67  4:56  Drone x4  
  67  4:57  Zergling x6  
  67  4:58  Drone  
  72  5:00  Drone  
  72  5:01  Queen  
  72  5:05  Drone  
  76  5:07  Zergling x4  
  76  5:10  Zergling x8  
  76  5:11  Drone  
  84  5:16  Drone  
  84  5:17  Spore Crawler  
  84  5:18  Baneling x4  
  84  5:19  Drone  
  85  5:21  Overlord  
  85  5:23  Drone x2  
  85  5:24  Drone  
  88  5:30  Drone x2  
  88  5:32  Drone  
  91  5:36  Drone  
  91  5:37  Queen, Drone x2  
  91  5:39  Overlord  
  91  5:41  Drone  
  96  5:44  Drone x2  
  96  5:49  Drone  
  96  5:50  Drone  
  90  5:58  Zergling x6  
  90  6:02  Drone  
  91  6:04  Extractor  
  91  6:05  Spire  
  91  6:06  Drone x2  
  91  6:09  Drone x5  
  91  6:10  Extractor, Drone  
  96  6:14  Queen  
  96  6:15  Extractor x2  
  96  6:16  Zergling x8, Spore Crawler  
  100  6:18  Drone  
  100  6:24  Queen  
  102  6:25  Hatchery  
  102  6:27  Overlord  
  102  6:28  Drone  
  102  6:29  Drone  
  103  6:37  Overlord, Drone  
  104  6:44  Drone  
  104  6:45  Drone  
  104  6:46  Overlord  
  106  6:47  Queen, Drone x2  
  106  6:48  Drone x2  
  106  6:51  Drone  
  113  6:57  Zergling x2  
  113  6:58  Zergling x2  
  114  7:02  Drone  
  114  7:04  Spore Crawler  
  114  7:05  Drone  
  114  7:06  Drone  
  114  7:07  Centrifical Hooks, Evolution Chamber x2  
  114  7:10  Drone x3  
  114  7:12  Overlord  
  117  7:19  Mutalisk x5  
  127  7:24  Mutalisk  
  127  7:27  Overlord  
  129  7:33  Mutalisk x3  
  129  7:36  Drone  
  135  7:40  Drone x3  
  135  7:41  Queen  
  135  7:42  Drone  
  135  7:43  Extractor  
  140  7:45  Extractor  
  140  7:48  Mutalisk x2  
  140  7:49  Hatchery  
  140  7:50  Overlord  
  142  7:53  Drone x6  
  148  8:01  Overlord  
  147  8:08  Overlord  
  147  8:12  Mutalisk x4  
  140  8:16  Drone x5  
  151  8:26  Mutalisk  
  151  8:27  Mutalisk  
  151  8:30  Overlord  
  151  8:31  Mutalisk  
  151  8:33  Drone x3  
  160  8:36  Zergling x10  
  165  8:46  Zerg Ground Armor Level 1, Zerg Melee Weapons Level 1  
  165  8:48  Drone x3  
  168  8:49  Hatchery  
  168  8:50  Drone  
  168  8:51  Drone x4  
  168  8:54  Mutalisk  
  174  8:55  Overlord  
  174  9:01  Mutalisk x2  
  178  9:03  Zergling x6  
  178  9:06  Overlord, Drone  
  178  9:07  Pneumatized Carapace  
  182  9:11  Mutalisk  
  182  9:13  Queen x2  
  182  9:15  Baneling  
  182  9:16  Baneling x3  
  184  9:17  Zergling x6  
  184  9:18  Zergling x6  
  184  9:19  Extractor  
  184  9:20  Extractor, Hatchery  
  184  9:21  Baneling x3  
  187  9:28  Overseer  
  187  9:31  Mutalisk x2  
  187  9:34  Zergling x18  
  198  9:38  Overlord  
  185  9:46  Mutalisk x2  
  185  9:47  Mutalisk  
  185  9:48  Drone x2  
  185  9:49  Drone x4  
  192  9:55  Overlord  
  192  9:59  Mutalisk x3  
  196  10:03  Zergling x2  
  193  10:09  Overlord  
  193  10:11  Zerg Flyer Weapons Level 1  
  193  10:12  Drone x10  
  199  10:17  Overlord x3  
  199  10:25  Baneling  
  199  10:26  Baneling x12  
  196  10:29  Overseer  
  196  10:31  Mutalisk x2  
  196  10:34  Extractor  
  199  10:36  Drone  
  199  10:38  Overseer  
  199  10:42  Extractor  
  199  10:43  Unknown  
  199  10:44  Unknown  
  197  10:51  Mutalisk, Baneling x8  
  199  10:58  Baneling x5  
  199  11:03  Mutalisk x2  
  199  11:07  Drone  
  200  11:15  Spore Crawler  
  200  11:18  Spore Crawler x2, Mutalisk  
  189  11:26  Mutalisk x8  
  189  11:30  Zergling x18  
  196  11:34  Zergling x4  
  196  11:35  Zergling x4  
  196  11:39  Mutalisk x2  
  195  11:43  Zergling x4  
  193  11:54  Baneling x10  
  193  11:57  Baneling x2  
  193  11:59  Zerg Ground Armor Level 2  
  193  12:00  Zerg Melee Weapons Level 2  
  193  12:01  Infestation Pit  
  193  12:05  Hatchery, Mutalisk x4  
  193  12:07  Baneling  
  193  12:08  Baneling x5  
  199  12:18  Hatchery  
  199  12:21  Hatchery, Mutalisk x9  
  198  12:22  Zergling x2  
  198  12:23  Zergling x4  
  190  12:31  Mutalisk  
  190  12:32  Mutalisk x4  
  190  12:33  Zergling x2  
  190  12:34  Zergling x34  
  190  12:35  Queen x2  
  197  12:42  Overlord x4  
  194  12:50  Overlord  
  175  12:53  Overlord  
  175  12:58  Overlord x2  
  158  13:00  Mutalisk x6  
  158  13:01  Mutalisk x2  
  158  13:02  Queen  
  158  13:08  Mutalisk x2  
  158  13:11  Mutalisk  
  158  13:12  Mutalisk x2  
  166  13:16  Drone x3  
  168  13:22  Mutalisk x5  
  168  13:24  Zergling x2  
  179  13:28  Baneling x9  
  179  13:30  Zergling x8  
  179  13:31  Drone  
  179  13:32  Queen, Drone x2  
  188  13:38  Mutalisk x2  
  188  13:39  Mutalisk  
  188  13:41  Zergling x6  
  197  13:46  Zergling x4  
  197  13:47  Zerg Flyer Weapons Level 2  
  199  13:55  Baneling x8  
  199  14:00  Spore Crawler  
  199  14:02  Baneling x3  
  198  14:03  Baneling x2  
  198  14:04  Drone  
  198  14:09  Mutalisk  
  184  14:10  Mutalisk x5  
  196  14:21  Mutalisk  
  196  14:22  Mutalisk x3  
  196  14:23  Zergling x2  
  196  14:24  Zergling x14  
  197  14:34  Zergling x8  
  197  14:35  Zergling x16  
  197  14:37  Extractor  
  198  14:39  Extractor  
  198  14:41  Overseer x2  
  198  14:43  Hive  
  198  14:44  Spire  
  198  14:45  Drone x3  
  199  14:52  Baneling x7  
  199  14:59  Mutalisk x3  
  194  15:00  Mutalisk  
  194  15:02  Mutalisk x3, Baneling x5  
  194  15:06  Mutalisk x2  
  198  15:08  Zergling x6  
  198  15:10  Baneling x7  
  173  15:29  Mutalisk x8  
  173  15:31  Zergling x24  
  173  15:32  Zergling x10  
  196  15:43  Drone x3  
  196  15:47  Mutalisk x5  
  196  15:49  Drone  
Tags
 
Add a new tag
Caveats
  • Supply blocks, unpowered buildings, or Contaminate may cause inaccurate times.
  • Supply counts are checked every 10 seconds.